[Event "42nd Olympiad Baku 2016 Open"]
[Site "Baku"]
[Date "2016.09.04"]
[Round "3.11"]
[White "Benschop, Jomar"]
[Black "Al Habeeb, Emad"]
[Result "1/2-1/2"]
[ECO "B00"]
[WhiteElo "1670"]
[BlackElo "2030"]
[Annotator ""]
[PlyCount "87"]
[EventDate "2016.??.??"]
[EventCountry "AZE"]
[SourceTitle "playchess.com"]
[Source "ChessBase"]
[WhiteTeam "ARU"]
[BlackTeam "KSA"]
[TimeControl "40/5400+30:1800+30"]

1. e4 {(00:00)} d6 {(00:00)} 2. d4 {(00:00)} Nd7 {(
00:38)} 3. Nf3 {(00:24)} e5 {(00:50)} 4. dxe5 {(00:54)}
dxe5 {(00:21)} 5. Bc4 {(00:36)} Qe7 {(13:53)} 6. b3 {
(08:08)} Qc5 {(13:24)} 7. O-O {(02:25)} Be7 {(01:
15)} 8. Ba3 {(01:53)} Qa5 {(01:28)} 9. Bxe7 {(03:03)} Nxe7
{(00:15)} 10. Ng5 {(00:43)} O-O {(08:28)} 11. Nxf7 {
(02:04)} Rxf7 {(00:58)} 12. Qh5 {(01:56)} Ng6 {(02:
54)} 13. Bxf7+ {(01:09)} Kxf7 {(01:02)} 14. f4 {(00:19)}
Qc5+ {(02:01)} 15. Kh1 {(00:13)} Nf6 {(01:13)} 16. fxe5 {
(08:57)} Qxe5 {(01:51)} 17. Qxe5 {(00:18)} Nxe5 {(
00:14)} 18. Nd2 {(02:47)} Be6 {(05:10)} 19. Nf3 {(00:40)}
Nxf3 {(01:20)} 20. gxf3 {(03:18)} Bh3 {(02:05)} 21. Rfd1 {
(00:44)} Ke6 {(02:56)} 22. Rd3 {(02:26)} g6 {(12:
18)} 23. Kg1 {(01:14)} Rf8 {(02:15)} 24. Re1 {(03:35)} Nh5
{(01:31)} 25. Red1 {(19:20)} Rf7 {(02:17)} 26. Kf2 {
(07:14)} Nf4 {(03:24)} 27. Kg3 {(02:17)} g5 {(03:
05)} 28. Rd8 {(03:14)} h5 {(02:21)} 29. Re8+ {(05:11)} Kf6
{(00:23)} 30. e5+ {(02:48)} Kg6 {(01:00)} 31. Rdd8 {
(04:55)} h4+ {(00:22)} 32. Kf2 {(00:06)} Ne6 {(00:
29)} 33. Rg8+ {(04:08)} Kf5 {(00:46)} 34. Ra8 {(00:13)}
Kxe5 {(02:44)} 35. Ke3 {(00:53)} Bg2 {(00:29)} 36. Rxg5+ {
(02:38)} Rf5 {(01:34)} 37. Rxf5+ {(00:00)} Kxf5 {(
00:46)} 38. Rxa7 {(00:00)} b6 {(00:35)} 39. b4 {(06:30)}
Bf1 {(05:53)} 40. a4 {(00:00)} Ke5 {(00:00)} 41. a5 {
(11:12)} bxa5 {(05:35)} 42. Rxa5+ {(01:42)} Kd6 {(
05:25)} 43. Kf2 {(01:04)} Bh3 {(02:23)} 44. Rh5 {(02:50]
Kd5} 1/2-1/2

[Event "42nd Olympiad Baku 2016 Open"]
[Site "Baku"]
[Date "2016.09.04"]
[Round "3.3"]
[White "Botsoe, Koffi"]
[Black "Lima, Osvaldo Dos Santos"]
[Result "1-0"]
[ECO "B00"]
[WhiteElo "1610"]
[BlackElo "1782"]
[Annotator ""]
[PlyCount "150"]
[EventDate "2016.??.??"]
[EventCountry "AZE"]
[SourceTitle "playchess.com"]
[Source "ChessBase"]
[WhiteTeam "Togo"]
[BlackTeam "STP"]
[WhiteTeamCountry "TOG"]
[TimeControl "40/5400+30:1800+30"]

1. e4 {(00:00)} d6 {(00:05)} 2. Nc3 {(00:21)} Nf6 {
(00:23)} 3. f4 {(01:29)} Nc6 {(01:29)} 4. Nf3 {(01:
46)} e5 {(01:03)} 5. Bb5 {(04:23)} Bd7 {(07:02)} 6. d3 {
(00:20)} Qe7 {(02:14)} 7. a4 {(01:48)} a5 {(01:01)}
8. f5 {(08:05)} Qd8 {(03:13)} 9. O-O {(00:18)} Be7 {
(00:22)} 10. Qe1 {(05:00)} Nb4 {(01:21)} 11. Qe2 {(
05:31)} Bxb5 {(09:38)} 12. axb5 {(01:39)} c6 {(01:28)} 13.
bxc6 {(01:49)} Nxc6 {(01:37)} 14. h3 {(01:14)} Qc7 {
(06:27)} 15. Be3 {(01:30)} Nb4 {(01:50)} 16. d4 {(
02:50)} O-O {(00:53)} 17. dxe5 {(06:14)} dxe5 {(00:05)}
18. Rad1 {(07:47)} a4 {(01:26)} 19. Nd5 {(08:19)} Nfxd5 {
(01:08)} 20. exd5 {(00:36)} Qxc2 {(01:51)} 21. Qxc2 {
(03:45)} Nxc2 {(00:16)} 22. Bc1 {(00:35)} Bd6 {(04:
14)} 23. Ng5 {(03:09)} Bc5+ {(01:21)} 24. Kh2 {(05:32)}
Bd4 {(01:35)} 25. Ne4 {(01:16)} f6 {(01:24)} 26. Rf3 b5 {
(01:09)} 27. g4 {(01:30)} b4 28. g5 {(01:19)} a3 {(
01:29)} 29. bxa3 {(00:56)} bxa3 {(00:02)} 30. Bxa3 {(00:
58)} Rxa3 {(02:00)} 31. Rxa3 {(01:53)} Nxa3 {(00:03)} 32.
gxf6 {(00:10)} gxf6 {(01:03)} 33. Rd3 {(00:12)} Nc4 {
(03:35)} 34. d6 {(00:33)} Kf7 {(03:09)} 35. Rb3 {(
02:12)} Nb6 {(00:33)} 36. Rb5 {(01:52)} Rd8 {(00:26)} 37.
Rb4 {(02:47)} Rd7 {(01:39)} 38. Rb5 {(02:01)} Nc4 {
(02:31)} 39. h4 {(06:47)} Nxd6 {(01:01)} 40. Rd5 {(
00:00)} Ke7 {(00:00)} 41. Ng3 Bf2 42. Nh5 {(06:17)} Bxh4 {
(01:24)} 43. Ng7 {(00:56)} Bf2 {(02:30)} 44. Kg2 {(
02:21)} Be3 {(01:34)} 45. Kf3 {(00:39)} Bg5 {(00:54)} 46.
Rd1 {(08:02)} h6 {(02:47)} 47. Kg4 {(01:31)} Ne4 {(
03:16)} 48. Rb1 {(00:45)} Kf7 {(04:59)} 49. Ne6 {(00:57)}
Ke7 {(03:05)} 50. Rb8 {(02:40)} Nd6 {(06:02)} 51. Rh8 {
(02:07)} Ra7 {(03:42)} 52. Rh7+ {(00:59)} Nf7 {(00:
06)} 53. Rg7 Ra4+ 54. Kh5 {(04:15)} Rc4 {(01:52)} 55. Kg6 {
(00:22)} e4 {(04:17)} 56. Rxf7+ {(00:18)} Kd6 {(00:
51)} 57. Nxg5 {(02:24)} fxg5 {(01:41)} 58. f6 {(00:58)}
Ke5 {(04:09)} 59. Re7+ {(00:29)} Kd6 {(02:54)} 60. Re8 {
(00:25)} e3 {(07:27)} 61. f7 {(00:33)} Rf4 {(01:56]
} 62. Rxe3 {(01:09)} g4 {(01:03)} 63. Kg7 {(00:32)} h5 {
(01:55)} 64. Kg8 {(05:34)} Kd5 {(01:22)} 65. Ra3 {(
04:45)} Ke5 {(15:27)} 66. Ra5+ {(00:35)} Ke6 {(01:17)} 67.
f8=Q {(00:42)} Rxf8+ {(01:22)} 68. Kxf8 {(00:08)} h4 {
(00:15)} 69. Rg5 {(00:50)} g3 {(01:28)} 70. Rg4 {(
00:25)} Kf5 {(01:27)} 71. Rxh4 {(01:00)} g2 {(00:06)} 72.
Rh5+ {(01:35)} Kf4 {(01:22)} 73. Rh4+ {(00:35)} Kf3 {
(01:14)} 74. Rh3+ {(00:08)} Kf2 75. Rh2 Kg1 1-0

[Event "42nd Olympiad Baku 2016 Open"]
[Site "Baku"]
[Date "2016.09.04"]
[Round "3.18"]
[White "Capo Vidal, Uriel"]
[Black "Mosutha, Thuso"]
[Result "1-0"]
[ECO "A48"]
[WhiteElo "2314"]
[BlackElo "1930"]
[Annotator ""]
[PlyCount "71"]
[EventDate "2016.??.??"]
[EventCountry "AZE"]
[SourceTitle "playchess.com"]
[Source "ChessBase"]
[WhiteTeam "Mexico"]
[BlackTeam "Botswana"]
[WhiteTeamCountry "MEX"]
[BlackTeamCountry "BOT"]
[TimeControl "40/5400+30:1800+30"]

1. d4 {(00:00)} Nf6 {(00:00)} 2. Nf3 {(00:57)} g6 {
(00:13)} 3. c3 {(02:03)} Bg7 {(00:16)} 4. Bf4 {(00:
10)} O-O {(00:23)} 5. Nbd2 {(00:07)} d6 {(00:06)} 6. e4 {
(00:40)} c5 {(01:38)} 7. dxc5 {(04:02)} dxc5 {(00:
06)} 8. Bc4 {(00:13)} Nc6 {(01:31)} 9. Qe2 {(00:58)} a6 {
(01:31)} 10. O-O {(02:12)} b5 {(00:29)} 11. Bb3 {(
00:45)} c4 {(01:39)} 12. Bc2 {(00:10)} Qe8 {(03:43)} 13.
a4 {(03:42)} Bg4 {(00:26)} 14. h3 {(00:49)} Bxf3 15. Nxf3
{(02:57)} Nd7 {(02:27)} 16. e5 {(03:32)} Nc5 {(03:
03)} 17. Nd4 {(02:11)} Na5 {(02:32)} 18. axb5 {(02:05)}
axb5 {(01:52)} 19. Qe3 {(01:32)} Ncb3 {(11:49)} 20. Rad1 {
(01:07)} e6 {(03:41)} 21. Bh6 {(01:59)} Rb8 {(01:
23)} 22. Nf3 {(06:20)} Qe7 {(09:13)} 23. Bg5 {(15:40)} Qc5
{(01:09)} 24. Qf4 {(00:56)} Rb7 {(07:50)} 25. Bf6 {
(04:29)} Re8 {(05:31)} 26. Ng5 {(05:12)} Bh6 {(09:
43)} 27. Rd6 {(04:57)} Bf8 {(01:21)} 28. Ne4 {(01:42)} Qc8
{(07:09)} 29. Rfd1 {(00:13)} Nc6 {(02:11)} 30. Bg5 {
(02:20)} f5 {(05:01)} 31. Nf6+ {(03:17)} Kh8 {(00:
37)} 32. Nxe8 {(00:20)} Qxe8 {(00:09)} 33. Rd8 {(00:42)}
Qf7 {(01:30)} 34. Bh6 {(02:22)} Rb8 {(00:04)} 35. Rxb8 {
(00:55)} Nxb8 {(00:06)} 36. Rd8 {(00:18)} 1-0

[Event "42nd Olympiad Baku 2016 Open"]
[Site "Baku"]
[Date "2016.09.04"]
[Round "3.30"]
[White "Cawdery, Daniel"]
[Black "Myint Han"]
[Result "1-0"]
[ECO "B40"]
[WhiteElo "2416"]
[BlackElo "2289"]
[Annotator ""]
[PlyCount "77"]
[EventDate "2016.??.??"]
[EventCountry "AZE"]
[SourceTitle "playchess.com"]
[Source "ChessBase"]
[WhiteTeam "South Africa"]
[BlackTeam "Myanmar"]
[WhiteTeamCountry "RSA"]
[BlackTeamCountry "MYA"]
[TimeControl "40/5400+30:1800+30"]

1. e4 {(00:00)} c5 {(00:00)} 2. Nf3 {(00:04)} e6 {(
00:00)} 3. d4 {(00:20)} cxd4 {(00:00)} 4. Nxd4 {(00:00)}
Qc7 {(00:00)} 5. Bd3 {(00:00)} a6 {(00:00)} 6. O-O {
(00:00)} Nf6 {(00:00)} 7. Qe2 {(01:11)} d6 {(02:08]
} 8. c4 {(00:15)} Nbd7 {(00:09)} 9. f4 {(02:56)} b6 {
(02:40)} 10. Nc3 {(03:15)} Bb7 {(00:10)} 11. Kh1 {(
01:09)} Be7 {(03:55)} 12. Bd2 {(01:04)} Qc5 {(01:53)} 13.
Rae1 {(11:33)} Qh5 {(02:04)} 14. Qxh5 {(10:46)} Nxh5 {
(01:17)} 15. b4 {(09:31)} g6 {(06:19)} 16. a3 {(07:
47)} Bf6 {(02:31)} 17. Nc2 {(03:26)} Rc8 {(01:14)} 18. Ne3
{(05:45)} Rg8 {(04:52)} 19. g4 {(10:42)} Ng7 {(10:
35)} 20. g5 {(00:42)} Be7 {(00:38)} 21. Ng4 {(01:32)} f5 {
(00:11)} 22. Nh6 {(00:17)} Rf8 {(00:16)} 23. Kg1 {(
00:17)} fxe4 {(01:22)} 24. Nxe4 {(01:32)} e5 {(04:04)} 25.
Ng3 {(04:43)} Ne6 {(01:06)} 26. Ne2 {(08:21)} exf4 {
(02:55)} 27. Nxf4 {(00:10)} Nxf4 {(01:52)} 28. Bxf4 {
(00:24)} Kd8 {(01:16)} 29. h4 {(00:42)} b5 {(03:23]
} 30. cxb5 {(01:27)} axb5 {(00:09)} 31. Bh2 {(02:12)} Rc3
{(08:16)} 32. Nf7+ {(01:24)} Rxf7 {(01:20)} 33. Rxf7 {
(00:08)} Rxd3 {(03:47)} 34. Rfxe7 {(00:27)} Bc6 {(
00:49)} 35. R7e6 {(01:46)} Rxa3 {(03:26)} 36. Bxd6 {(02:
59)} Kc8 {(00:11)} 37. Rc1 {(00:00)} Kb7 {(00:00)} 38. Bh2
{(00:00)} Ra6 {(00:00)} 39. Rd6 {(00:00)} 1-0

[Event "42nd Olympiad Baku 2016 Open"]
[Site "Baku"]
[Date "2016.09.04"]
[Round "3.32"]
[White "Chavez, Hector Eduardo"]
[Black "Taalaibekov, Tagir"]
[Result "1/2-1/2"]
[ECO "B40"]
[WhiteElo "2077"]
[BlackElo "2223"]
[Annotator ""]
[PlyCount "123"]
[EventDate "2016.??.??"]
[EventCountry "AZE"]
[SourceTitle "playchess.com"]
[Source "ChessBase"]
[WhiteTeam "El Salvador"]
[BlackTeam "Kyrgyzstan"]
[WhiteTeamCountry "ESA"]
[BlackTeamCountry "KGZ"]
[TimeControl "40/5400+30:1800+30"]

1. e4 {(00:00)} c5 {(00:00)} 2. Nf3 {(00:00)} e6 {(
00:00)} 3. d3 {(00:00)} d5 {(00:03)} 4. Nbd2 {(00:00)} Nc6
{(00:17)} 5. g3 {(00:00)} Nf6 {(00:05)} 6. Bg2 {(
00:03)} g6 {(00:08)} 7. O-O {(00:21)} Bg7 {(00:03)} 8. Re1
{(00:59)} O-O {(00:06)} 9. c3 {(00:15)} dxe4 {(00:
29)} 10. dxe4 {(00:27)} e5 {(00:14)} 11. Qc2 {(00:36)} Qc7
{(00:20)} 12. Nf1 {(05:16)} h6 {(00:41)} 13. Be3 {(
09:45)} b6 {(00:57)} 14. Rad1 {(00:26)} Bb7 {(02:02)} 15.
Nh4 {(03:44)} Ne7 {(07:17)} 16. Bc1 {(04:48)} Rad8 {
(02:10)} 17. Ne3 {(04:32)} Qb8 {(04:58)} 18. b3 {(
27:24)} Qa8 {(06:30)} 19. f3 {(01:08)} Nh7 {(05:20)} 20.
c4 {(09:11)} Nc6 {(07:52)} 21. Bb2 {(05:17)} Ng5 {(
08:06)} 22. Nd5 {(04:31)} Ne6 {(00:46)} 23. Bh3 {(06:29)}
Ncd4 {(01:44)} 24. Bxd4 {(05:01)} Nxd4 {(00:16)} 25. Qd3 {
(02:31)} Rd6 {(04:16)} 26. Rf1 {(01:16)} Qd8 {(00:
26)} 27. Ng2 {(02:05)} f5 {(07:24)} 28. Nge3 {(02:29)} Bc8
{(01:24)} 29. Bg2 {(01:26)} h5 {(02:56)} 30. Nc2 {(
00:12)} h4 {(10:26)} 31. Nxd4 {(00:16)} cxd4 {(00:09)} 32.
f4 {(00:58)} hxg3 {(00:37)} 33. hxg3 {(00:14)} exf4 {
(06:29)} 34. Nxf4 {(01:00)} Re8 {(01:57)} 35. Rde1 {
(00:56)} Qg5 {(04:54)} 36. Nd5 {(01:05)} Be5 {(01:
19)} 37. Nf4 {(02:14)} Re7 {(02:09)} 38. exf5 {(00:22)}
Bxf5 {(00:42)} 39. Be4 {(00:15)} Bxf4 {(05:08)} 40. Rxf4 {
(00:00)} Re5 {(00:00)} 41. Ref1 {(15:15)} Rxe4 {(
11:48)} 42. Qxe4 {(01:02)} Qxg3+ {(01:49)} 43. Qg2 {(00:
11)} Qxg2+ {(01:21)} 44. Kxg2 {(00:05)} d3 {(00:24)} 45.
Rd1 {(00:58)} Kf7 {(00:49)} 46. Kf2 {(01:04)} Ke6 {
(00:29)} 47. Ke3 {(03:12)} Ke5 {(03:12)} 48. Rf2 {(
02:58)} Rd8 {(03:37)} 49. Kd2 {(00:16)} Rh8 {(06:26)} 50.
Re1+ {(00:15)} Kd4 {(03:42)} 51. Rf4+ {(04:39)} Kc5 {
(00:07)} 52. Re5+ {(00:15)} Kb4 {(01:52)} 53. Rexf5 {
(00:35)} gxf5 {(00:17)} 54. Rxf5 {(00:35)} Rh2+ {(
01:54)} 55. Kxd3 {(00:07)} Rxa2 {(00:16)} 56. Rb5+ {(00:
15)} Ka3 {(00:05)} 57. Kc3 {(00:38)} Rh2 {(00:59)} 58. c5
{(02:07)} Rh5 {(01:18)} 59. Kc4 {(01:35)} Rxc5+ {(
00:14)} 60. Rxc5 {(00:03)} bxc5 {(00:07)} 61. Kxc5 {(00:
07)} Kxb3 {(00:07)} 62. Kb5 {(00:05)} 1/2-1/2

[Event "42nd Olympiad Baku 2016 Open"]
[Site "Baku"]
[Date "2016.09.04"]
[Round "3.34"]
[White "Colovic, Aleksandar"]
[Black "Murtaza Ali"]
[Result "1-0"]
[ECO "B05"]
[WhiteElo "2432"]
[BlackElo "2111"]
[Annotator ""]
[PlyCount "87"]
[EventDate "2016.??.??"]
[EventCountry "AZE"]
[SourceTitle "playchess.com"]
[Source "ChessBase"]
[WhiteTeam "Macedonia"]
[BlackTeam "Pakistan"]
[WhiteTeamCountry "MKD"]
[BlackTeamCountry "PAK"]
[TimeControl "40/5400+30:1800+30"]

1. e4 {(00:00)} Nf6 {(00:00)} 2. e5 {(00:12)} Nd5 {
(00:00)} 3. d4 {(00:05)} d6 {(00:00)} 4. Nf3 {(00:
33)} Bg4 {(00:00)} 5. Be2 {(00:19)} e6 {(00:13)} 6. O-O {
(00:52)} Be7 {(00:52)} 7. h3 {(00:17)} Bh5 {(00:26]
} 8. c4 {(02:29)} Nb6 {(00:12)} 9. exd6 {(00:03)} cxd6 {
(00:10)} 10. Nc3 {(00:23)} O-O {(00:28)} 11. Re1 {(
00:48)} Nc6 {(02:53)} 12. d5 {(07:45)} Bxf3 {(04:15)} 13.
Bxf3 {(00:22)} Ne5 {(00:15)} 14. dxe6 {(03:49)} fxe6 {
(02:10)} 15. Bg4 {(02:01)} Rf6 {(04:28)} 16. b3 {(
12:58)} Nxg4 {(03:14)} 17. Qxg4 {(04:52)} Rg6 {(00:43)}
18. Qe2 {(02:01)} Qd7 {(02:16)} 19. Bb2 {(07:15)} Rf8 {
(01:20)} 20. Rad1 {(01:41)} Bh4 {(09:02)} 21. Rf1 {
(03:24)} Bf6 {(02:14)} 22. Rd3 {(18:54)} Be5 {(06:
42)} 23. Ba3 {(05:06)} Rf4 {(10:10)} 24. Ne4 {(04:19)} Qc6
{(00:48)} 25. f3 {(00:34)} d5 {(09:49)} 26. cxd5 {(
00:28)} exd5 {(00:36)} 27. Nf2 {(02:13)} Bd4 {(05:12)} 28.
Rxd4 {(06:35)} Rxd4 {(00:26)} 29. Qe5 {(00:03)} Rh4 {
(14:47)} 30. Rc1 {(00:06)} Re6 {(03:50)} 31. Qg3 {(
00:32)} Rc4 {(04:31)} 32. bxc4 {(00:15)} Nxc4 {(00:03)}
33. Bb2 {(02:45)} Qd7 {(00:43)} 34. Bd4 {(00:38)} h6 {
(00:30)} 35. Nd3 {(03:12)} Re7 {(05:38)} 36. Re1 {(
02:13)} Rf7 {(00:09)} 37. Ne5 {(04:32)} Nxe5 {(00:18)} 38.
Qxe5 {(00:14)} b6 {(00:33)} 39. Qe8+ {(00:36)} Kh7 {
(00:11)} 40. Qxd7 {(00:00)} Rxd7 {(00:00)} 41. f4 {
(03:29)} Kg6 {(00:23)} 42. g4 {(00:53)} Kf7 {(00:
17)} 43. Rc1 {(01:45)} g6 {(00:45)} 44. Rc6 {(00:15)} 1-0

[Event "42nd Olympiad Baku 2016 Open"]
[Site "Baku"]
[Date "2016.09.04"]
[Round "3.14"]
[White "Constantinou, Pavlos"]
[Black "Jamena, Joseph Mensah"]
[Result "1-0"]
[ECO "C65"]
[WhiteElo "2058"]
[BlackElo "1992"]
[Annotator ""]
[PlyCount "55"]
[EventDate "2016.??.??"]
[EventCountry "AZE"]
[SourceTitle "playchess.com"]
[Source "ChessBase"]
[WhiteTeam "Cyprus"]
[BlackTeam "Ghana"]
[WhiteTeamCountry "CYP"]
[BlackTeamCountry "GHA"]
[TimeControl "40/5400+30:1800+30"]

1. e4 {(00:00)} e5 {(00:00)} 2. Nf3 {(00:00)} Nc6 {
(00:00)} 3. Bb5 {(00:00)} Nf6 {(00:00)} 4. d3 {(00:
06)} Bc5 {(01:57)} 5. O-O {(00:18)} d6 {(00:30)} 6. c3 {
(00:09)} O-O {(02:14)} 7. Re1 {(04:35)} Bg4 {(01:
06)} 8. h3 {(00:58)} Bh5 {(00:02)} 9. Bg5 {(08:58)} h6 {
(00:13)} 10. Bh4 {(02:16)} g5 {(11:57)} 11. Bg3 {(
00:13)} Ne7 {(00:45)} 12. d4 {(03:22)} exd4 {(00:33)} 13.
cxd4 {(00:59)} Bb4 {(00:15)} 14. Nc3 {(01:10)} c6 {
(04:33)} 15. Bd3 {(04:57)} Ng6 {(05:49)} 16. Bc2 {(
28:34)} Re8 {(22:37)} 17. Qd3 {(01:57)} Nf8 {(12:05)} 18.
Rad1 {(06:25)} Bg6 {(00:50)} 19. Nd2 {(04:32)} d5 {
(03:19)} 20. Be5 {(09:00)} dxe4 {(15:34)} 21. Ndxe4 {
(03:16)} Nxe4 {(00:45)} 22. Nxe4 {(00:43)} Bxe1 {(
00:32)} 23. Rxe1 {(05:10)} Nd7 {(05:09)} 24. Qc3 {(10:30)}
Qb6 {(07:57)} 25. Nd6 {(02:25)} Re7 {(01:52)} 26. Bxg6 {
(01:43)} fxg6 {(00:02)} 27. Ne4 {(00:30)} Rae8 {(
01:49)} 28. Qf3 {(00:35)} 1-0

[Event "42nd Olympiad Baku 2016 Open"]
[Site "Baku"]
[Date "2016.09.04"]
[Round "3.28"]
[White "Coppola, Claudio"]
[Black "Alfaro, William"]
[Result "1/2-1/2"]
[ECO "A56"]
[WhiteElo "2230"]
[BlackElo "2188"]
[Annotator ""]
[PlyCount "119"]
[EventDate "2016.??.??"]
[EventCountry "AZE"]
[SourceTitle "playchess.com"]
[Source "ChessBase"]
[WhiteTeam "Uruguay"]
[BlackTeam "Nicaragua"]
[WhiteTeamCountry "URU"]
[BlackTeamCountry "NCA"]
[TimeControl "40/5400+30:1800+30"]

1. d4 {(00:00)} Nf6 {(00:30)} 2. c4 {(00:00)} c5 {(
00:16)} 3. Nf3 {(00:00)} cxd4 {(04:48)} 4. Nxd4 {(00:00)}
Nc6 {(00:06)} 5. Nc3 {(03:29)} g6 {(00:49)} 6. g3 {
(00:52)} Qb6 {(03:44)} 7. Ndb5 {(07:03)} a6 {(02:
45)} 8. Na3 {(12:22)} Ng4 {(12:12)} 9. e3 {(02:14)} d6 {
(00:06)} 10. Nd5 {(13:34)} Qd8 {(00:30)} 11. Bg2 {(
00:32)} Bg7 {(00:21)} 12. O-O {(02:26)} O-O {(02:01)} 13.
Qb3 {(02:01)} Rb8 {(09:46)} 14. Bd2 {(11:28)} Be6 {
(07:34)} 15. Rac1 {(06:14)} Nge5 {(02:48)} 16. Rfd1 {
(10:16)} Bg4 {(00:43)} 17. Re1 {(05:01)} Nf3+ {(02:
46)} 18. Bxf3 {(00:06)} Bxf3 {(00:04)} 19. Bc3 {(09:48)}
Ne5 {(08:27)} 20. Bxe5 {(02:02)} Bxe5 {(00:18)} 21. Nb6 {
(00:57)} h5 {(03:02)} 22. Nc2 {(01:25)} h4 {(06:12]
} 23. Nd4 {(02:29)} Be4 {(01:42)} 24. a4 {(04:09)} hxg3 {
(02:15)} 25. hxg3 {(00:01)} e6 {(04:57)} 26. f4 {(
02:05)} Bf6 {(01:06)} 27. Kf2 {(01:28)} Kg7 {(00:11)} 28.
Nf3 {(00:19)} Rh8 {(01:20)} 29. Rh1 {(00:47)} Qc7 {
(00:10)} 30. c5 {(01:10)} dxc5 {(02:00)} 31. Rxh8 {
(00:04)} Rxh8 {(00:06)} 32. Rc4 {(01:00)} Bxf3 {(
04:18)} 33. Kxf3 {(00:02)} Rh2 {(00:08)} 34. a5 {(00:25)}
Rxb2 {(00:11)} 35. Qd3 {(00:44)} Qc6+ {(01:29)} 36. Qe4 {
(00:03)} Qb5 {(01:46)} 37. g4 {(00:53)} Qb3 {(01:
11)} 38. Rc1 {(00:54)} Bd4 {(05:42)} 39. Nc4 {(00:29)} Rh2
{(01:09)} 40. Qb1 {(00:00)} Rh3+ {(00:00)} 41. Kg2 {
(02:23)} Rxe3 {(03:05)} 42. Nxe3 {(00:19)} Qxe3 {(
00:05)} 43. Rf1 {(01:06)} Qd2+ {(04:04)} 44. Kg3 {(00:55)}
Qc3+ {(00:49)} 45. Rf3 {(03:27)} Qxa5 {(00:12)} 46. Qxb7 {
(01:16)} Qe1+ {(10:40)} 47. Kh3 {(01:51)} Qh1+ {(
01:52)} 48. Kg3 {(00:20)} Bc3 {(00:56)} 49. Kf2 {(01:45)}
Qh2+ {(02:06)} 50. Kf1 {(02:05)} Bd4 {(00:15)} 51. g5 {
(04:14)} c4 {(03:37)} 52. Qe4 {(01:29)} Qg1+ {(00:
35)} 53. Ke2 {(00:03)} c3 {(00:42)} 54. Rf1 {(04:58)} Qh2+
{(05:40)} 55. Kd3 {(00:19)} Qd2+ {(00:06)} 56. Kc4 {
(00:09)} Ba7 {(00:30)} 57. Qe5+ {(04:50)} Kg8 {(00:
29)} 58. Rh1 Qd5+ 59. Qxd5 exd5+ 60. Kxc3 1/2-1/2

[Event "42nd Olympiad Baku 2016 Open"]
[Site "Baku"]
[Date "2016.09.04"]
[Round "3.24"]
[White "Daly, Colm"]
[Black "Parraga, Alejandro"]
[Result "1-0"]
[ECO "A12"]
[WhiteElo "2328"]
[BlackElo "2173"]
[Annotator ""]
[PlyCount "107"]
[EventDate "2016.??.??"]
[EventCountry "AZE"]
[SourceTitle "playchess.com"]
[Source "ChessBase"]
[WhiteTeam "Ireland"]
[BlackTeam "Bolivia"]
[WhiteTeamCountry "IRL"]
[BlackTeamCountry "BOL"]
[TimeControl "40/5400+30:1800+30"]

1. c4 {(00:00)} c6 {(00:00)} 2. Nf3 {(00:11)} d5 {(
00:13)} 3. b3 {(00:04)} Bf5 {(01:25)} 4. Bb2 {(00:09)} e6
{(00:56)} 5. e3 {(02:38)} Nf6 {(01:45)} 6. cxd5 {(
00:17)} exd5 {(05:02)} 7. Be2 {(00:07)} Bd6 {(02:48)} 8.
O-O {(00:07)} h6 {(03:00)} 9. d3 {(00:07)} O-O {(
00:49)} 10. Nbd2 {(00:07)} Re8 {(01:42)} 11. Re1 {(00:18)}
Bh7 {(02:15)} 12. a3 {(00:20)} Nbd7 {(02:10)} 13. Bf1 {
(00:10)} Ne5 {(06:20)} 14. Nxe5 {(01:24)} Bxe5 {(
00:07)} 15. Bxe5 {(00:06)} Rxe5 {(00:05)} 16. Nf3 {(00:07]
} Re8 {(02:48)} 17. b4 {(00:08)} a5 {(02:35)} 18. Qd2 {
(01:08)} Qc7 {(05:14)} 19. Qc3 {(02:42)} Nd7 {(04:
38)} 20. Reb1 {(00:29)} axb4 {(03:24)} 21. axb4 {(00:03)}
Qb6 {(00:45)} 22. Rc1 {(02:06)} Rec8 {(04:42)} 23. Nd4 {
(04:36)} Qd8 {(07:06)} 24. Nb3 {(00:41)} Rxa1 {(07:
39)} 25. Rxa1 {(00:21)} Ra8 {(02:12)} 26. Rxa8 {(01:31)}
Qxa8 {(00:05)} 27. b5 {(01:39)} Qa3 {(06:55)} 28. bxc6 {
(01:01)} bxc6 {(00:15)} 29. d4 {(13:41)} Bf5 {(02:
25)} 30. Be2 {(02:39)} Nb6 {(01:55)} 31. Bd1 {(03:46)} Nc4
{(02:36)} 32. Kf1 {(11:32)} g5 {(05:49)} 33. Ke1 {(
10:36)} Kg7 {(03:34)} 34. h3 {(18:25)} Be4 {(02:36)} 35.
f3 {(01:32)} Bg6 {(03:32)} 36. e4 {(02:35)} Qa2 {(
02:26)} 37. Be2 {(03:19)} Qb1+ {(02:49)} 38. Kf2 {(04:50)}
Qb2 {(02:51)} 39. Qxb2 {(04:02)} Nxb2 {(00:02)} 40. Ke3 {
(00:00)} f6 {(00:00)} 41. Na5 {(04:26)} dxe4 {(05:
07)} 42. fxe4 {(00:47)} Be8 {(00:46)} 43. Kd2 {(00:35)}
Na4 {(01:18)} 44. Bd1 {(00:31)} Nb6 {(01:13)} 45. Kc3 {
(03:00)} Kf8 {(02:04)} 46. Kb4 {(00:02)} Ke7 {(01:
39)} 47. Kc5 {(00:02)} Nd7+ {(01:26)} 48. Kxc6 {(01:15)}
Nf8+ {(00:52)} 49. Kb6 {(03:29)} Ne6 {(03:27)} 50. d5 {
(00:31)} Nf4 {(00:47)} 51. Kc7 {(00:46)} Nxg2 {(02:
00)} 52. d6+ {(01:00)} Ke6 {(00:55)} 53. Bh5 {(04:20)} Bb5
{(02:32)} 54. Bg4+ {(00:22] Kd5} 1-0

[Event "42nd Olympiad Baku 2016 Open"]
[Site "Baku"]
[Date "2016.09.04"]
[Round "3.11"]
[White "Darwish, Hashim"]
[Black "Izijk, Jimmy"]
[Result "1-0"]
[ECO "B50"]
[WhiteElo "1766"]
[BlackElo "1991"]
[Annotator ""]
[PlyCount "75"]
[EventDate "2016.??.??"]
[EventCountry "AZE"]
[SourceTitle "playchess.com"]
[Source "ChessBase"]
[WhiteTeam "Brunei"]
[BlackTeam "Netherlands Antilles"]
[WhiteTeamCountry "BRN"]
[BlackTeamCountry "AHO"]
[TimeControl "40/5400+30:1800+30"]

1. e4 {(00:00)} c5 {(00:00)} 2. Nf3 {(00:00)} d6 {(
00:00)} 3. c3 {(00:02)} Nf6 {(00:00)} 4. Be2 {(00:13)} Nc6
{(00:21)} 5. d3 {(00:42)} e6 {(03:20)} 6. Bg5 {(01:
14)} Be7 {(00:09)} 7. Nbd2 {(00:07)} O-O {(03:21)} 8. O-O
{(00:09)} h6 {(02:15)} 9. Bh4 a6 {(05:09)} 10. d4 {
(02:42)} b5 {(01:51)} 11. a4 {(00:31)} b4 {(01:44)}
12. Bd3 {(02:44)} Nd7 {(09:34)} 13. Bg3 {(02:19)} bxc3 {
(11:48)} 14. bxc3 {(00:12)} e5 {(01:41)} 15. d5 {(
00:58)} Ncb8 {(02:43)} 16. Nc4 {(00:46)} Nb6 {(01:09)} 17.
Nfd2 {(00:12)} Nxc4 {(00:35)} 18. Nxc4 {(00:10)} f5 {
(02:38)} 19. exf5 {(03:21)} Bxf5 {(00:10)} 20. a5 {
(00:58)} Nd7 {(02:08)} 21. Qc2 {(03:38)} Bxd3 {(00:
36)} 22. Qxd3 {(00:04)} Qc7 {(12:00)} 23. Rfd1 {(00:53)}
Bf6 {(00:49)} 24. Qe4 {(00:41)} Rfe8 {(00:37)} 25. Ne3 {
(03:12)} Bg5 {(02:36)} 26. Nc4 {(10:38)} Bf6 {(02:
25)} 27. Qg6 {(03:37)} Rab8 {(06:57)} 28. Rab1 {(02:17)}
Kf8 {(02:16)} 29. f4 {(01:56)} e4 {(11:04)} 30. Rxb8 {
(00:49)} Qxb8 {(00:42)} 31. Qf5 {(00:38)} Qc7 {(02:
54)} 32. Be1 {(05:01)} Kg8 {(01:17)} 33. g4 {(01:15)} Re7
{(01:49)} 34. Rb1 {(02:04)} e3 {(03:58)} 35. h4 {(
02:48)} Re8 {(02:06)} 36. g5 {(00:36)} hxg5 {(00:06)} 37.
hxg5 {(00:06)} Bd8 {(01:25)} 38. Qg6 {(03:14)} 1-0